 Dungeon Crawl Stone Soup version 0.30-a0-469-g84de5afbc5 (webtiles) character file.

Game seed: 6577927263540520988

260238 greenreed the Metallomancer (level 19, -8/106 HPs)
             Began as a Gargoyle Earth Elementalist on Dec 19, 2022.
             Was the Champion of Vehumet.
             Shot with an arrow by a deep elf master archer (32 damage)
             ... on level 1 of the Depths.
             The game lasted 02:32:51 (41341 turns).

greenreed the Metallomancer (GrEE)                 Turns: 41341, Time: 02:32:52

Health: -8/106     AC: 31    Str: 10      XL:     19   Next: 92%
Magic:  5/52       EV: 11    Int: 30      God:    Vehumet [******]
Gold:   1033       SH:  4    Dex: 11 (13) Spells: 2/59 levels left

rFire   + + .      SeeInvis .    K - staff of conjuration
rCold   . . .      Faith    .    H - +0 buckler {reflect}
rNeg    + . .      Spirit   .    t - +0 ring mail of the Spheres {rF+ Will+ Regen+ rCorr}
rPois   ∞          Reflect  +    r - +1 helmet of the Sun {+Inv MP+9 Str-2 Int+6}
rElec   +          Harm     .    f - +2 cloak
rCorr   +          Rampage  .    a - +2 pair of gloves
Will    ++...                    P - +0 pair of boots "Odduh" {Dex+3}
Stlth   ++........               o - amulet of magic regeneration
HPRegen 1.17/turn                v - ring of protection from fire
MPRegen 0.73/turn                q - ring of wizardry

@: doom-hounded, flying
A: sickness immunity, AC +14, big wings, negative energy resistance 1,
electricity resistance, torment resistance 1, petrification resistance, hooves
1, deterioration 1, robust 1, subdued magic 2
}: 2/15 runes: decaying, gossamer
a: Renounce Religion, Evoke Invisibility


You were on level 1 of the Depths.
You worshipped Vehumet.
Vehumet was exalted by your worship.
You visited 7 branches of the dungeon, and saw 32 of its levels.
You also visited: Bailey and Ice Cave.

You collected 6145 gold pieces.
You spent 5112 gold pieces at shops.

Inventory:

Missiles
 U - a throwing net
Armour
 a - a +2 pair of gloves (worn)
 f - a +2 cloak (worn)
 r - the +1 helmet of the Sun (worn) {+Inv MP+9 Str-2 Int+6}
   (You found it on level 5 of the Lair of Beasts)

   Str:       It affects your strength (-2).
   Int:       It affects your intelligence (+6).
   MP:        It affects your magic capacity (+9).
   +Inv:      It lets you turn invisible.
 t - the +0 ring mail of the Spheres (worn) {rF+ Will+ Regen+ rCorr}
   (You found it on level 3 of the Dungeon)

   rF:        It protects you from fire.
   Regen:     It increases your rate of health regeneration.
   rCorr:     It protects you from acid and corrosion.
   Will:      It increases your willpower.
 H - a +0 buckler of reflection (worn)
 P - the +0 pair of boots "Odduh" (worn) {Dex+3}
   (You found it on level 4 of the Spider Nest)

   Dex:       It affects your dexterity (+3).
Magical Staves
 K - a staff of conjuration (weapon)
 S - a staff of earth
Jewellery
 o - an amulet of magic regeneration (around neck)
 q - a ring of wizardry (right hand)
 s - a ring of protection from cold
 v - a ring of protection from fire (left hand)
 w - a ring of willpower
 J - a ring of see invisible
 M - a ring of protection from cold
 W - a ring of willpower
 Z - a +6 ring of intelligence
Wands
 e - a wand of light (22)
 u - a wand of flame (72)
 x - a wand of digging (19)
 N - a wand of polymorph (15)
 O - a wand of paralysis (56)
 T - a wand of roots (35)
Scrolls
 h - 2 scrolls of immolation
 j - 8 scrolls of teleportation
 k - 6 scrolls of magic mapping
 l - 5 scrolls of poison
 p - 7 scrolls of fear
 y - 5 scrolls of fog
 C - 6 scrolls of blinking
 D - 2 scrolls of torment
 F - 15 scrolls of identify
 I - 3 scrolls of silence
 R - 5 scrolls of enchant armour
 V - 2 scrolls of amnesia
 Y - 4 scrolls of vulnerability
Potions
 b - 3 potions of magic
 c - 15 potions of curing
 d - 7 potions of heal wounds
 i - 5 potions of brilliance
 m - 4 potions of might
 n - a potion of invisibility
 z - 7 potions of ambrosia
 A - 2 potions of mutation
 B - 6 potions of attraction
 E - 8 potions of haste
 L - 4 potions of cancellation
 Q - 2 potions of berserk rage
 X - a potion of resistance
Miscellaneous
 g - a phantom mirror
 G - a box of beasts


   Skills:
 + Level 3.7 Fighting
 + Level 7.7 Armour
 + Level 4.7 Dodging
 + Level 5.3 Stealth
 + Level 1.8 Shields
 * Level 20.9 Spellcasting
 * Level 15.8 Conjurations
 + Level 0.5 Necromancy
 + Level 2.3 Transmutations
 + Level 0.5 Fire Magic
 + Level 1.3 Air Magic
 * Level 24.0 Earth Magic
 + Level 0.9 Poison Magic
 + Level 0.7 Evocations


You had 2 spell levels left.
You knew the following spells:

 Your Spells              Type           Power      Damage    Failure   Level
a - Sandblast             Erth           100%       2d20      0%          1
b - Stone Arrow           Conj/Erth      100%       3d13      0%          3
c - Passwall              Tmut/Erth      51%        N/A       0%          2
d - Shatter               Erth           41%        3d32*     1%          9
e - Lee's Rapid Deconstr  Erth           41%        3d20*     0%          5
f - Mephitic Cloud        Conj/Pois/Air  59%        N/A       1%          3
g - Spellforged Servitor  Conj/Summ      32%        N/A       10%         7
h - Irradiate             Conj/Tmut      34%        3d23      1%          5
i - Borgnjor's Vile Clut  Necr/Erth      30%        N/A       1%          5
j - Arcjolt               Conj/Air       33%        1d43      1%          5
k - Petrify               Tmut/Erth      62%        N/A       1%          4
l - Lehudib's Crystal Sp  Conj/Erth      48%        10d11     1%          8

Your spell library contained the following spells:

 Spells                   Type           Power      Damage    Failure   Level
 Fire Storm               Conj/Fire      33%        8d8       99%         9
 Shock                    Conj/Air       100%       1d9       0%          1
 Poisonous Vapours        Pois/Air       48%        N/A       1%          2
 Scorch                   Fire           42%        2d7       1%          2
 Static Discharge         Conj/Air       100%       2-7/arc   1%          2
 Dazzling Flash           Conj/Hex       100%       N/A       1%          3
 Ignite Poison            Fire/Tmut/Pois 24%        N/A       1%          3
 Inner Flame              Hex/Fire       20%        N/A       1%          3
 Kindle Blastsparks       Fire/Tloc/Air  42%        2d13      1%          3
 Swiftness                Air            24%        N/A       1%          3
 Vhi's Electric Charge    Tloc/Air       44%        N/A       1%          3
 Airstrike                Air            12%        2d(2-18)  1%          4
 Flame Wave               Conj/Fire      66%        2d15      1%          4
 Leda's Liquefaction      Hex/Erth       29%        N/A       1%          4
 Olgreb's Toxic Radiance  Pois           23%        N/A       1%          4
 Sticky Flame             Conj/Fire      66%        2d8       1%          4
 Freezing Cloud           Conj/Ice/Air   29%        6-21      1%          5
 Iskenderun's Battlesphe  Conj           87%        2d13      1%          5
 Lightning Bolt           Conj/Air       33%        1d51      1%          5
 Conjure Ball Lightning   Conj/Air       33%        3x3d11    1%          6
 Iron Shot                Conj/Erth      48%        9d9       1%          6
 Call Canine Familiar     Summ           19%        N/A       2%          3
 Ozocubu's Armour         Ice            19%        N/A       2%          3
 Tukima's Dance           Hex            19%        N/A       2%          3
 Yara's Violent Unravell  Hex/Tmut       11%        3d6       5%          5
 Summon Lightning Spire   Summ/Air       22%        N/A       8%          4
 Dispel Undead            Necr           21%        3d11      9%          4
 Cause Fear               Hex            9%         N/A       11%         4
 Passage of Golubria      Tloc           19%        N/A       11%         4
 Summon Ice Beast         Ice/Summ       19%        N/A       11%         4
 Alistair's Intoxication  Tmut/Pois      16%        N/A       14%         5
 Silence                  Hex/Air        11%        N/A       21%         5
 Eringya's Noxious Bog    Tmut/Pois      12%        N/A       22%         6
 Agony                    Necr           21%        N/A       24%         5
 Metabolic Englaciation   Hex/Ice        9%         N/A       28%         5
 Summon Mana Viper        Hex/Summ       19%        N/A       28%         5
 Simulacrum               Ice/Necr       10%        N/A       82%         6
 Summon Cactus Giant      Summ           9%         N/A       85%         6
 Polar Vortex             Ice            9%         N/A       99%         9
 Haunt                    Necr/Summ      10%        N/A       100%        7
 Monstrous Menagerie      Summ           9%         N/A       100%        7
 Discord                  Hex            9%         N/A       100%        8
 Infestation              Necr           10%        N/A       100%        8
 Summon Horrible Things   Summ           9%         N/A       100%        8
 Dragon's Call            Summ           9%         N/A       100%        9
 Cigotuvi's Dreadful Rot  Necr/Pois/Air  Unusable   N/A       N/A         2
 Statue Form              Tmut/Erth      Unusable   N/A       N/A         6

Dungeon Overview and Level Annotations

Branches:
Dungeon (15/15)            Temple (1/1) D:6            Lair (5/5) D:9
  Swamp (4/4) Lair:3       Spider (4/4) Lair:2        Slime (0/5) Lair:5
    Orc (2/2) D:11            Elf (0/3) Orc:2        Vaults (0/5) D:13
 Depths (1/4) D:15         Bailey (visited)           IceCv (visited)

Altars:
Ashenzari
Dithmenos
Elyvilon
Fedhas
Gozag
Hepliaklqana
Kikubaaqudgha
Makhleb
Nemelex Xobeh
Okawaru
Qazlal
Ru
Sif Muna
Uskayaw
Vehumet
Wu Jian
Xom
Yredelemnul
Zin
The Shining One
Jiyva

Shops:
D:1 :   D:8 :   Orc:2 [*=*

Portals:
Pandemonium: Orc:2
Ziggurat: Depths:1

Annotations:
D:10 1 runed translucent door, Grant146's ghost, journeyman MiBe


Innate Abilities, Weirdness & Mutations

You are immune to sickness and miasma.
Your stone body is resilient. (AC +14)
You are immune to poison.
Your large and strong wings let you fly.
You resist negative energy. (rN+)
You are resistant to electric shocks. (rElec)
You are resistant to unholy torment.
You are immune to petrification.
You have large cloven feet.
Your body sometimes deteriorates upon taking damage.
You are robust. (+10% HP)
Your spells are easier to cast, but less powerful.


Message History

The blast of flame hits your spellforged servitor!
Your spellforged servitor resists.
The deep elf blademaster barely misses you.
The deep elf blademaster hits you with the +1 lajatang "Ixeaxt" {venom, rElec Str+8}!
Casting: Lehudib's Crystal Spear (dangerous; 1% risk of failure)
Confirm with . or Enter, or press ? or * to list all spells.
Aiming: Stone Arrow (safe; 0% risk of failure)
Press: ? - help, Shift-Dir - straight line, f/p - doom hound
Aim: a doom hound (lightly wounded, 69% to hit)
You feel a surge of power!
The stone arrow hits the doom hound!!
The doom hound is moderately wounded.
The doom hound bites you but does no damage.
The doom hound claws you!
The deep elf blademaster hits you with the +1 lajatang "Ixeaxt" {venom, rElec Str+8}!
You block the deep elf blademaster's attack.
The deep elf master archer unwields a +7 longbow.
The deep elf master archer hits you.
The hellephant blinks!
A tormentor comes into view.
Casting: Stone Arrow (safe; 0% risk of failure)
Confirm with . or Enter, or press ? or * to list all spells.
Okay, then.
Press: ? - help, v - describe, . - travel
Here: a tormentor (black smoke)
The floor.
Casting: Stone Arrow (safe; 0% risk of failure)
Confirm with . or Enter, or press ? or * to list all spells.
Aiming: Stone Arrow (safe; 0% risk of failure)
Press: ? - help, Shift-Dir - straight line, f/p - doom hound
Aim: a doom hound (moderately wounded, 69% to hit)
You feel a surge of power!
The stone arrow hits the doom hound!
The doom hound is moderately wounded.
The doom hound barely misses you. The doom hound claws you!
The deep elf blademaster hits you with the +1 lajatang "Ixeaxt" {venom, rElec Str+8}!!
* * * LOW HITPOINT WARNING * * *
Your body deteriorates!
You feel clumsy.
The deep elf blademaster completely misses you.
The deep elf master archer wields a +7 longbow.
The deep elf master archer shoots an arrow.
The arrow hits you!!
You die...

##.# ##.#
.... Y......
#..##
~≈~~......
....#
~~..§§..
.##.# ..♣...
.##'#######
.9..♣
##...#....#
♣♣...♣
##.♣....###
♣.♣he♣
#....####
♣.e@†♣
#...##
♣.2♣.♣ ....#
♣.§..♣ ...##
♣♣..♣♣ ...#
♣....♣ ...##
♣...♣♣ ....#
♣....♣
#...##
###...######
#....###
#...........


You could see a hellephant (distracted, ally target), a doom hound, a deep elf
blademaster, a deep elf master archer, a tormentor and a friendly spellforged
servitor (summoned).

Vanquished Creatures
  A hellephant (Depths:1)
  Mlioglotl (Swamp:1)
  Rupert (D:12)
  Gastronok (Lair:2)
  The ghost of cforsyth the Brawler, an adept TrFi of Wu Jian (Spider:1)
  A thorn hunter (Swamp:4)
  A tengu reaver (Depths:1)
  2 frost giants
  An emperor scorpion (Spider:1)
  The ghost of Mecw the Warrior, an adept GrFi of Ru (Spider:4)
  3 ghost moths
  A hydra skeleton (Swamp:4)
  2 broodmothers (Spider:4)
  An orc warlord (Bailey)
  5 very ugly things (Depths:1)
  A stone giant (Depths:1)
  3 vampire knights
  Nessos (Lair:5)
  5 eleionomae
  Azrael (D:12)
  6 bunyips
  2 spark wasps
  2 dire elephants (Lair:5)
  4 entropy weavers
  5 shambling mangroves (Swamp:4)
  Fannar (D:10)
  The ghost of Sunibiam the Fighter, a journeyman GrFi of Okawaru (Lair:1)
  2 ogre magi
  20 hydras
  Erolcha (D:12)
  5 radroaches
  3 spriggan zombies
  2 ghost crabs (Swamp:3)
  Erica (D:10)
  2 catoblepae
  10 boulder beetles
  5 centaur warriors
  15 alligators
  9 two-headed ogres
  7 deep troll shamans
  2 deep troll earth magi (Depths:1)
  28 death yaks
  7 orc high priests (Orc:2)
  A tengu warrior (D:13)
  A vampire mage (D:15)
  A spectral emperor scorpion (Spider:1)
  Sonja (Lair:5)
  6 skeletal warriors (D:15)
  3 iron trolls
  6 pharaoh ants
  13 deep trolls
  5 goliath frogs
  9 swamp dragons
  5 sun moths
  4 spriggan druids
  7 steelbarb worms
  6 orb spiders
  A tengu zombie (D:15)
  A spectral jorogumo (Spider:1)
  4 spectral hydras (Swamp:4)
  5 bog bodies
  A deep elf archer (D:13)
  2 deep elf zephyrmancers (D:13)
  3 necromancers
  A frost giant zombie (D:15)
  3 phantasmal warriors
  4 deep elf pyromancers
  5 orc knights (Orc:2)
  A lindwurm (Lair:5)
  3 oklob plants (Swamp:4)
  15 wolf spiders
  8 ugly things
  5 orc sorcerers (Orc:2)
  4 cyclopes
  A spectral radroach (Spider:1)
  2 moths of wrath (Spider:3)
  4 will-o-the-wisps
  A rust devil (Orc:2)
  10 elephants
  2 ice statues
  4 black mambas
  The ghost of p00ps00p the Trooper, a novice HOFi (D:5)
  6 torpor snails
  Joseph (Lair:1)
  6 cane toads
  An emperor scorpion simulacrum (Spider:1)
  A gargoyle (D:13)
  A frost giant skeleton (Depths:1)
  An unseen horror (D:11)
  A kobold demonologist (D:13)
  26 rime drakes
  11 demonic crawlers
  2 efreet (D:14)
  2 freezing wraiths
  3 komodo dragons
  A spark wasp simulacrum (Spider:1)
  2 ghost moth simulacra (Spider:1)
  2 ice devils (Lair:4)
  2 death drake zombies (Swamp:4)
  A red devil (Orc:2)
  15 meliai
  A bloated husk (Swamp:3)
  7 polar bears
  20 hornets
  7 trolls
  A jorogumo simulacrum (Spider:1)
  12 tyrant leeches
  A wolf spider simulacrum (D:13)
  13 tarantellas
  2 death drake skeletons (Swamp:4)
  6 dream sheep (Lair:5)
  13 blink frogs
  12 slime creatures
  3 shadows
  A water elemental (Depths:1)
  Sigmund (D:4)
  19 culicivoras
  10 spriggans
  22 jumping spiders
  14 wyverns
  2 wraiths
  A vampire (D:13)
  3 fire elementals (D:11)
  56 yaks
  12 steam dragons
  8 basilisks
  57 redbacks
  2 wargs
  6 vampire mosquitoes
  14 swamp worms
  Edmund (D:5)
  A hydra simulacrum (Swamp:4)
  An acid dragon (D:9)
  5 water moccasins
  6 swamp drakes
  2 hell hounds
  2 ice beasts (D:5)
  3 sky beasts
  40 orc warriors
  6 black bears
  28 wolves
  4 ogres
  A radroach simulacrum (Spider:1)
  4 swamp dragon zombies (Swamp:4)
  19 centaurs
  A swamp dragon skeleton (Swamp:4)
  A phantom (D:7)
  4 kobold brigands (D:13)
  5 bullfrogs
  2 gnoll sergeants
  3 necrophages
  A two-headed ogre simulacrum (Lair:1)
  2 scorpions (D:6)
  A cane toad simulacrum (Lair:1)
  An entropy weaver simulacrum (Lair:1)
  An elephant simulacrum (Lair:1)
  3 howler monkeys (D:11)
  2 electric eels
  4 hounds
  A jelly (D:4)
  18 orc priests
  Crazy Yiuf (D:7)
  Jessica (D:3)
  13 orc wizards
  Ijyb (D:3)
  7 hell rats (Lair:3)
  2 iguanas
  4 polar bear simulacra (D:10)
  2 yak simulacra (D:10)
  4 wolf simulacra
  A bullfrog simulacrum (D:5)
  7 adders
  11 gnolls
  A hound simulacrum (D:5)
  A shadow imp (D:6)
  2 white imps
  2 ufetubi
  4 worms
  7 dart slugs
  An adder simulacrum (D:5)
  66 orcs
  6 ball pythons
  3 bats
  9 endoplasms
  27 goblins
  16 hobgoblins
  7 jackals
  5 quokkas
  4 frilled lizards
  8 kobolds
  2 rats
  2 river rat simulacra (D:10)
  2 bushes (D:8)
1146 creatures vanquished.

Vanquished Creatures (others)
  A spectral spark wasp (Spider:1)
  A spriggan skeleton (Depths:1)
  A polar bear (Lair:1)
  A howler monkey (D:12)
  10 foxfires
  19 fungi
  35 plants
  11 withered plants
79 creatures vanquished.

Grand Total: 1225 creatures vanquished

Notes
Turn   | Place    | Note
-------+----------+-------------------------------------------
     0 | D:1      | greenreed the Gargoyle Earth Elementalist began the quest
                  | for the Orb.
     0 | D:1      | Reached XP level 1. HP: 10/10 MP: 3/3
    49 | D:1      | Found Failuniyr's Book Shoppe.
   197 | D:1      | Reached XP level 2. HP: 15/15 MP: 3/5
   349 | D:1      | Reached skill level 4 in Earth Magic
   538 | D:1      | Reached XP level 3. HP: 19/20 MP: 4/6
  1390 | D:2      | Reached XP level 4. HP: 24/24 MP: 6/8
  2047 | D:3      | Noticed Jessica
  2051 | D:3      | Killed Jessica
  2052 | D:3      | Reached XP level 5. HP: 28/28 MP: 8/10
  2089 | D:3      | Identified the +0 ring mail of the Spheres {rF+ Will+
                  | Regen+ rCorr}
  2102 | D:3      | Reached skill level 5 in Earth Magic
  2112 | D:3      | Noticed Ijyb
  2130 | D:3      | Killed Ijyb
  2211 | D:3      | Found a burning altar of Makhleb.
  2504 | D:4      | Reached XP level 6. HP: 33/33 MP: 9/12
  2609 | D:4      | Found a sparkling altar of Nemelex Xobeh.
  2747 | D:4      | Found a blossoming altar of Fedhas.
  2921 | D:4      | Noticed Sigmund
  2925 | D:4      | Killed Sigmund
  2926 | D:4      | Reached skill level 5 in Spellcasting
  2926 | D:4      | Reached skill level 6 in Earth Magic
  2991 | D:4      | Noticed a +0 dagger
  2991 | D:4      | Noticed a +0 dagger
  2994 | D:4      | Reached XP level 7. HP: 37/37 MP: 12/14
  2997 | D:4      | Found a hide-covered altar of Uskayaw.
  3150 | D:4      | Found a hazy altar of Hepliaklqana.
  3390 | D:5      | Entered Level 5 of the Dungeon
  3450 | D:5      | Noticed Edmund
  3462 | D:5      | Killed Edmund
  3506 | D:5      | Reached skill level 7 in Earth Magic
  3635 | D:5      | Reached XP level 8. HP: 42/42 MP: 15/17
  3757 | D:5      | Noticed p00ps00p's ghost (novice HOFi)
  3790 | D:5      | Found a runed translucent gate.
  3790 | D:5      | Found a runed translucent gate.
  3790 | D:5      | Found a runed translucent gate.
  4287 | D:6      | Found a staircase to the Ecumenical Temple.
  4296 | Temple   | Entered the Ecumenical Temple
  4325 | Temple   | Became a worshipper of Vehumet
  4420 | D:6      | Reached skill level 8 in Earth Magic
  4741 | D:6      | Found a white marble altar of Elyvilon.
  4742 | D:6      | Found a glowing golden altar of the Shining One.
  4744 | D:6      | Found a glowing silver altar of Zin.
  4757 | D:6      | Reached skill level 9 in Earth Magic
  4829 | D:6      | Reached XP level 9. HP: 46/46 MP: 17/20
  4891 | D:6      | Found a sacrificial altar of Ru.
  4990 | D:7      | Found a flagged portal.
  4995 | D:7      | Reached * piety under Vehumet
  4995 | D:7      | Offered knowledge of Kiss of Death by Vehumet.
  5003 | Bailey   | Entered a bailey
  5070 | Bailey   | Reached skill level 1 in Conjurations
  5340 | Bailey   | Reached ** piety under Vehumet
  5340 | Bailey   | Offered knowledge of Poisonous Vapours by Vehumet.
  5347 | Bailey   | Reached skill level 10 in Earth Magic
  5421 | Bailey   | Noticed an orc warlord
  5425 | Bailey   | Killed an orc warlord
  5430 | Bailey   | Reached XP level 10. HP: 51/51 MP: 17/23
  5434 | Bailey   | Reached skill level 11 in Earth Magic
  5556 | Bailey   | Learned a level 3 spell: Stone Arrow
  5556 | Bailey   | Reached skill level 5 in Armour
  5556 | Bailey   | Reached skill level 10 in Spellcasting
  5556 | Bailey   | Reached skill level 12 in Earth Magic
  5556 | Bailey   | Reached XP level 11. HP: 55/55 MP: 23/25
  5560 | Bailey   | Learned a level 2 spell: Passwall
  5610 | D:7      | Found a stormy altar of Qazlal.
  5616 | D:7      | Offered knowledge of Hailstorm by Vehumet.
  5751 | D:7      | Reached skill level 1 in Fighting
  5856 | D:7      | Found a runed translucent door.
  5857 | D:7      | Noticed Crazy Yiuf
  6320 | D:7      | Killed Crazy Yiuf
  6400 | D:8      | Reached *** piety under Vehumet
  6605 | D:8      | Found a shadowy altar of Dithmenos.
  6766 | D:8      | Offered knowledge of Sticky Flame by Vehumet.
  6773 | D:8      | Learned a level 4 spell: Sticky Flame
  6796 | D:8      | Found a shimmering blue altar of Sif Muna.
  6809 | D:8      | Found Udghe's Tremendous Tomes.
  6983 | D:8      | Found an ornate altar of the Wu Jian Council.
  6983 | D:8      | Found a shimmering altar of Xom.
  7246 | D:9      | Found a staircase to the Lair.
  7246 | D:9      | Noticed a death yak
  7272 | D:8      | Killed a death yak
  7332 | D:9      | Noticed a two-headed ogre
  7336 | D:9      | Killed a two-headed ogre
  7337 | D:9      | Reached skill level 13 in Earth Magic
  7503 | D:9      | Identified the +10 flail "Uhycit" {freeze, rF++}
  7705 | D:9      | Identified the +0 ring mail of Eryub {rC+++ rN++ Will-
                  | Int-3}
  7872 | D:9      | Reached **** piety under Vehumet
  8162 | D:10     | Entered Level 10 of the Dungeon
  8376 | D:10     | Offered knowledge of Olgreb's Toxic Radiance by Vehumet.
  8462 | D:10     | Found a runed translucent door.
  8462 | D:10     | Noticed Grant146's ghost (journeyman MiBe)
  8655 | D:10     | Noticed Fannar
  8674 | D:10     | Killed Fannar
  8675 | D:10     | Reached XP level 12. HP: 54/61 MP: 14/28
  8918 | D:10     | Noticed Erica
  8926 | D:10     | Killed Erica
  9011 | D:10     | Reached skill level 14 in Earth Magic
  9408 | D:5      | Killed p00ps00p's ghost
 10243 | D:11     | Found a staircase to the Orcish Mines.
 10927 | D:12     | Noticed a two-headed ogre
 10931 | D:12     | Killed a two-headed ogre
 10985 | D:12     | Noticed Azrael
 11102 | D:12     | Killed Azrael
 11102 | D:12     | Noticed Erolcha
 11197 | D:12     | Killed Erolcha
 11200 | D:12     | Reached skill level 5 in Stealth
 11241 | D:12     | Noticed Rupert
 11254 | D:12     | HP: 3/62 [Rupert/+5 great mace of protection (30)]
 11402 | D:12     | Noticed a two-headed ogre
 11409 | D:12     | Killed a two-headed ogre
 11409 | D:12     | Reached ***** piety under Vehumet
 11409 | D:12     | Offered knowledge of Lee's Rapid Deconstruction by Vehumet.
 11410 | D:12     | Reached skill level 15 in Earth Magic
 11416 | D:12     | Learned a level 5 spell: Lee's Rapid Deconstruction
 11612 | D:12     | Learned a level 3 spell: Mephitic Cloud
 11712 | D:12     | Killed Rupert
 11988 | D:13     | Noticed a tengu warrior
 11998 | D:13     | Reached XP level 13. HP: 56/66 MP: 8/30
 12782 | D:13     | Reached skill level 16 in Earth Magic
 12968 | D:13     | Found a gate to the Vaults.
 13425 | D:14     | Identified a scroll of acquirement
 13426 | D:14     | Acquired 791 gold pieces
 13711 | D:14     | Found a radiant altar of Vehumet.
 14024 | D:1      | Bought the Treatise on the Wintry Quarry for 552 gold
                  | pieces
 14024 | D:1      | Bought a Trismegistus Codex for 336 gold pieces
 14024 | D:1      | Bought a book of the Earth for 432 gold pieces
 14024 | D:1      | Bought a book of Lightning for 456 gold pieces
 14207 | D:8      | Acquired 1088 gold pieces
 14648 | D:14     | Offered knowledge of Iron Shot by Vehumet.
 14822 | D:14     | Gained mutation: Your large and strong wings let you fly.
                  | [Gargoyle growth]
 14822 | D:14     | Reached XP level 14. HP: 71/71 MP: 22/32
 15107 | D:15     | Entered Level 15 of the Dungeon
 15355 | D:15     | Found a staircase to the Depths.
 15370 | D:15     | Reached skill level 15 in Spellcasting
 15750 | D:15     | Reached skill level 17 in Earth Magic
 16281 | D:15     | Reached skill level 10 in Conjurations
 16959 | Lair:1   | Entered Level 1 of the Lair of Beasts
 17179 | Lair:1   | Noticed Joseph
 17183 | Lair:1   | Killed Joseph
 17249 | Lair:1   | Found a runed translucent gate.
 17250 | Lair:1   | Found a runed translucent gate.
 17251 | Lair:1   | Found a runed translucent gate.
 17254 | Lair:1   | Noticed Sunibiam's ghost (journeyman GrFi)
 17696 | Lair:1   | Offered knowledge of Iskenderun's Battlesphere by Vehumet.
 18382 | Lair:1   | Killed Sunibiam's ghost
 18383 | Lair:1   | Reached skill level 18 in Earth Magic
 18428 | Lair:1   | Acquired 964 gold pieces
 18589 | Lair:2   | Reached XP level 15. HP: 65/75 MP: 9/35
 18797 | Lair:2   | Noticed Gastronok
 18818 | Lair:2   | Killed Gastronok
 19533 | Lair:2   | Found a hole to the Spider Nest.
 20021 | Lair:2   | Learned a level 5 spell: Iskenderun's Battlesphere
 20163 | Lair:3   | Offered knowledge of Conjure Ball Lightning by Vehumet.
 20638 | Lair:3   | Found a staircase to the Swamp.
 21503 | Lair:4   | Found a frozen archway.
 21516 | IceCv    | Entered an ice cave
 21783 | IceCv    | Reached skill level 19 in Earth Magic
 21942 | IceCv    | Noticed a frost giant
 21949 | IceCv    | Killed a frost giant
 22633 | IceCv    | Offered knowledge of Irradiate by Vehumet.
 22643 | IceCv    | Learned a level 5 spell: Irradiate
 22649 | IceCv    | Learned a level 5 spell: Borgnjor's Vile Clutch
 22655 | IceCv    | Learned a level 5 spell: Arcjolt
 23701 | Lair:5   | Entered Level 5 of the Lair of Beasts
 23958 | Lair:5   | Reached XP level 16. HP: 64/82 MP: 23/37
 24017 | Lair:5   | Reached skill level 1 in Transmutations
 24732 | Lair:5   | Noticed Nessos
 24737 | Lair:5   | Killed Nessos
 24737 | Lair:5   | Offered knowledge of Orb of Destruction by Vehumet.
 24738 | Lair:5   | Reached skill level 20 in Earth Magic
 25112 | Lair:5   | Gained mutation: You occasionally shout uncontrollably at
                  | your foes. [mutagenic glow]
 25203 | Lair:5   | Lost mutation: You occasionally shout uncontrollably at
                  | your foes. [potion of mutation]
 25203 | Lair:5   | Gained mutation: You are frail. (-10% HP) [potion of
                  | mutation]
 25203 | Lair:5   | Gained mutation: You are dopey. (Int -2) [potion of
                  | mutation]
 25203 | Lair:5   | Gained mutation: You are clumsy. (Dex -2) [potion of
                  | mutation]
 25203 | Lair:5   | Lost mutation: You are dopey. (Int -2) [potion of mutation]
 25204 | Lair:5   | Lost mutation: You are frail. (-10% HP) [potion of
                  | mutation]
 25204 | Lair:5   | Lost mutation: You are clumsy. (Dex -2) [potion of
                  | mutation]
 25204 | Lair:5   | Gained mutation: Your muscles are strong. (Str +4, Int/Dex
                  | -1) [potion of mutation]
 25204 | Lair:5   | Gained mutation: You expend magic power (3 MP) to
                  | strengthen your wands. [potion of mutation]
 25205 | Lair:5   | Lost mutation: You expend magic power (3 MP) to strengthen
                  | your wands. [potion of mutation]
 25205 | Lair:5   | Lost mutation: Your muscles are strong. (Str +4, Int/Dex
                  | -1) [potion of mutation]
 25205 | Lair:5   | Gained mutation: Your spells are a little easier to cast,
                  | but a little less powerful. [potion of mutation]
 25205 | Lair:5   | Gained mutation: You occasionally lose the ability to drink
                  | potions when taking damage. [potion of mutation]
 25205 | Lair:5   | Gained mutation: You are dopey. (Int -2) [potion of
                  | mutation]
 25205 | Lair:5   | Gained mutation: You have sharp fingernails. [potion of
                  | mutation]
 25206 | Lair:5   | Lost mutation: You occasionally lose the ability to drink
                  | potions when taking damage. [potion of mutation]
 25206 | Lair:5   | Lost mutation: You are dopey. (Int -2) [potion of mutation]
 25206 | Lair:5   | Lost mutation: You have sharp fingernails. [potion of
                  | mutation]
 25206 | Lair:5   | Gained mutation: You occasionally lose the ability to read
                  | scrolls when taking damage. [potion of mutation]
 25206 | Lair:5   | Gained mutation: You have large cloven feet. [potion of
                  | mutation]
 25206 | Lair:5   | Gained mutation: A frigid envelope surrounds you and
                  | freezes all who hurt you. [potion of mutation]
 25215 | Lair:5   | Found a viscous altar of Jiyva.
 25218 | Lair:5   | Found a staircase to the Slime Pits.
 25461 | Lair:5   | Reached skill level 1 in Shields
 25544 | Lair:5   | Noticed Sonja
 25547 | Lair:5   | Killed Sonja
 26107 | Lair:5   | Identified the +1 helmet of the Sun {+Inv MP+9 Str-2 Int+6}
 27018 | Orc:1    | Entered Level 1 of the Orcish Mines
 27582 | Orc:2    | Entered Level 2 of the Orcish Mines
 27774 | Orc:2    | Found a staircase to the Elven Halls.
 28213 | Orc:2    | Found Heupeit's General Store.
 28216 | Orc:2    | Found Estrio Hycur's General Store.
 28226 | Orc:2    | Bought a potion of heal wounds for 65 gold pieces
 28226 | Orc:2    | Bought a scroll of immolation for 52 gold pieces
 28249 | Orc:2    | Reached ****** piety under Vehumet
 28910 | Orc:2    | Offered knowledge of Maxwell's Capacitive Coupling by
                  | Vehumet.
 29230 | Orc:2    | Reached XP level 17. HP: 86/86 MP: 10/39
 29374 | Orc:2    | Found Ceokameh's Antique Armour Shop.
 29374 | Orc:2    | Found Plog's Jewellery Boutique.
 29375 | Orc:2    | Found a one-way gate leading to the halls of Pandemonium.
 29377 | Orc:2    | Bought an embroidered scarf for 208 gold pieces
 29724 | Spider:1 | Entered Level 1 of the Spider Nest
 29976 | Spider:1 | Reached skill level 21 in Earth Magic
 30250 | Spider:1 | Found a runed translucent gate.
 30251 | Spider:1 | Found a runed translucent gate.
 30373 | Spider:1 | Found a runed translucent gate.
 30375 | Spider:1 | Noticed cforsyth's ghost (adept TrFi)
 30450 | Spider:2 | Offered knowledge of Lehudib's Crystal Spear by Vehumet.
 30450 | Spider:2 | Offered knowledge of Fire Storm by Vehumet.
 30450 | Spider:2 | Offered knowledge of Shatter by Vehumet.
 32447 | Spider:3 | Reached skill level 1 in Air Magic
 33802 | Spider:4 | Entered Level 4 of the Spider Nest
 34089 | Spider:4 | Reached skill level 22 in Earth Magic
 34439 | Spider:4 | Reached XP level 18. HP: 92/92 MP: 41/41
 34723 | Spider:4 | Found a runed translucent door.
 34723 | Spider:4 | Noticed Mecw's ghost (adept GrFi)
 34733 | Spider:4 | Killed Mecw's ghost
 34745 | Spider:4 | Gained mutation: You are weak. (Str -2) [mutagenic glow]
 35046 | Spider:4 | Learned a level 4 spell: Petrify
 35055 | Spider:4 | Learned a level 8 spell: Lehudib's Crystal Spear
 35308 | Spider:4 | Got a gossamer rune of Zot
 35334 | Spider:4 | Identified the +0 pair of boots "Odduh" {Dex+3}
 35660 | D:8      | Bought Sif Muna's Atlas of Aerial Convocation for 1667 gold
                  | pieces
 35660 | D:8      | Bought the Compilation of the Birds and the Black Widow for
                  | 1344 gold pieces
 35872 | Spider:1 | Killed cforsyth's ghost
 36034 | Swamp:1  | Entered Level 1 of the Swamp
 36355 | Swamp:1  | Noticed Mlioglotl
 36383 | Swamp:1  | Killed Mlioglotl
 37237 | Swamp:2  | Found an iron altar of Okawaru.
 37499 | Swamp:3  | Reached skill level 23 in Earth Magic
 38167 | Swamp:4  | Entered Level 4 of the Swamp
 38266 | Swamp:4  | Reached XP level 19. HP: 93/96 MP: 35/43
 38292 | Swamp:4  | Got Deschyupn's Octavo of Analysis
 38503 | Swamp:4  | Reached skill level 15 in Conjurations
 39296 | Swamp:4  | Found a blossoming altar of Fedhas.
 39317 | Swamp:4  | Lost mutation: A frigid envelope surrounds you and freezes
                  | all who hurt you. [mutagenic glow]
 39420 | Swamp:4  | Found a basalt altar of Yredelemnul.
 39439 | Swamp:4  | Got a decaying rune of Zot
 39863 | Depths:1 | Entered Level 1 of the Depths
 39889 | D:15     | Gained mutation: You are dopey. (Int -2) [mutagenic glow]
 39937 | D:15     | Lost mutation: You occasionally lose the ability to read
                  | scrolls when taking damage. [potion of mutation]
 39937 | D:15     | Lost mutation: You are weak. (Str -2) [potion of mutation]
 39937 | D:15     | Lost mutation: You are dopey. (Int -2) [potion of mutation]
 39937 | D:15     | Gained mutation: Your spells are easier to cast, but less
                  | powerful. [potion of mutation]
 39937 | D:15     | Gained mutation: You are robust. (+10% HP) [potion of
                  | mutation]
 40609 | Depths:1 | Gained mutation: Your body sometimes deteriorates upon
                  | taking damage. [mutagenic glow]
 40803 | Depths:1 | Found a one-way gateway to a ziggurat.
 40997 | Depths:1 | Reached skill level 24 in Earth Magic
 41167 | Depths:1 | Found a broken altar of Ashenzari.
 41301 | Depths:1 | Noticed a hellephant
 41318 | Depths:1 | Learned a level 9 spell: Shatter
 41327 | Depths:1 | Learned a level 7 spell: Spellforged Servitor
 41331 | Depths:1 | Identified the +1 lajatang "Ixeaxt" {venom, rElec Str+8}
 41331 | Depths:1 | Noticed a hellephant
 41332 | Depths:1 | Noticed a doom hound
 41337 | Depths:1 | Killed a hellephant
 41341 | Depths:1 | Shot with an arrow by a deep elf master archer

Illustrated notes

Levels and vault maps discovered:
D:1:      zelgadis_glass_arrival_small, layout_loops_ring, serial_shops,
          shop_statue
D:2:      layout_loops_ring
D:3:      kennysheep_the_goblin_king, layout_rooms, lemuel_crystal_altar,
          chequers_arboretum, grunt_ministairs_9, kennysheep_jessica_study
D:4:      layout_basic, kennysheep_mini_moat,
          mainiacjoe_overflow_six_doors_small, nemelex_dance_club_becter,
          dancing_weapons_uskayaw, uniq_sigmund
D:5:      layout_loops_ring, gammafunk_ghost_icy, roderic_roman_lattice,
          uniq_edmund
D:6:      layout_basic, good_gods_temple_1, nicolae_ru_the_path_less_chosen,
          minmay_temple_entry_arrows, minivault_4
D:7:      layout_loops_ring, nicolae_qazlal_scattered_showers, enter_bailey_5,
          corexii_hall_statues_l, uniq_crazy_yiuf_cottage
D:8:      layout_rooms, nicolae_dithmenos_shadow_blocks,
          gammafunk_temple_overflow_forgotten, minmay_misc_feat_iff,
          nicolae_shop_i_like_big_books
D:9:      layout_roguey, david_lair_generic, minmay_fractal_squares_diagonal_5
D:10:     layout_loops_corners, gammafunk_ghost_grave, eino_house_with_fridge,
          uniq_erica, uniq_fannar
D:11:     layout_grid_maze, orc_0_dummy
D:12:     layout_rooms, uniq_rupert, uniq_azrael, uniq_erolcha
D:13:     layout_roguey, hangedman_vaults_entry_quadrant_bands
D:14:     layout_long_grid, nicolae_vehumet_radiance
D:15:     gammafunk_depths_entry_grave, layout_loops_ring, minivault_4
Temple:   hellmonk_temple_forest_ring
Lair:1:   dreamdust_isle_of_ice, layout_regular_city,
          gammafunk_ghost_hydra_chop, serial_bayou_pond_b, uniq_joseph
Lair:2:   dpeg_oklob_shooting_range, layout_cave_pods, spider_nest_entry_rubble,
          serial_bayou_shore_b, grunt_megastairs_4, uniq_gastronok
Lair:3:   layout_roguey [special_room_mythical_zoo], minmay_swamp_entry_worms
Lair:4:   layout_roguey, portal_ice_cave_demonic_guard,
          chequers_serial_rivers_micro_a, lemuel_fruit_tree
Lair:5:   grunt_lair_end_beastmaster, layout_regular_city, slime_entry_1,
          minivault_23, bobbens_dragon_lair_wall, uniq_sonja, uniq_nessos
Swamp:1:  layout_basic_swamp, evilmike_swamp_ruin_rubble_1, swamp_pool5,
          infiniplex_staircase_pool, uniq_mlioglotl
Swamp:2:  layout_basic_swamp, nicolae_swamp_godswood, swamp_pool5
Swamp:3:  layout_basic_swamp, nicolae_swamp_treefoil, swamp_pool3
Swamp:4:  byrel_swamp_growth_death_and_undeath, layout_basic_swamp
Spider:1: layout_spider_delve, gammafunk_ghost_necromancy, drop_trap
Spider:2: layout_cave_pods
Spider:3: layout_cave_pods
Spider:4: hellmonk_spider_rune_bug_friends, gammafunk_ghost_grave
Orc:1:    layout_diamond_mine
Orc:2:    pf_orc_diabolical, layout_diamond_mine
Depths:1: layout_roguey, enter_ziggurat_b, hangedman_coc_ice_floe,
          ashenzari_altar_1, drop_trap, minmay_misc_feat_pillars,
          lemuel_statue_altar, nicolae_transmutations_shop,
          minmay_misc_feat_cross, hangedman_abyss_or_decor_stagger,
          grunt_ministairs_13, beargit_elvish_explorers

Skill      XL: |  1  2  3  4  5  6  7  8  9 10 11 12 13 14 15 16 17 18 19 |
---------------+----------------------------------------------------------+-----
Earth Magic    | 4 5 6 7 9 10 12 13 15 16 18 19 20 22 23 24 | 24.0
Spellcasting   | 3 4 5 6 7 9 10 12 13 14 16 17 18 19 20 | 20.9
Dodging        | 2 3 4 |  4.7
Conjurations   | 2 6 7 8 9 10 11 12 13 14 15 | 15.8
Armour         | 5 6 7 |  7.7
Stealth        | 4 5 |  5.3
Fighting       | 1 2 3 |  3.7
Transmutations | 1 2 |  2.3
Shields        | 1 |  1.8
Air Magic      | 1 |  1.3
Necromancy     | |  0.5
Fire Magic     | |  0.5
Poison Magic   | |  0.9
Evocations     | |  0.7

Action                   |  1- 3 |  4- 6 |  7- 9 | 10-12 | 13-15 | 16-18 | 19-21 || total
-------------------------+-------+-------+-------+-------+-------+-------+-------++-------
Melee: Unarmed           |    25 |       |       |       |       |       |       ||    25
       Punch             |     1 |       |       |     1 |       |       |       ||     2
       Staff             |       |       |       |    35 |     2 |    15 |       ||    52
       Kick              |       |       |       |       |       |     7 |       ||     7
Throw: Throwing net      |       |       |       |       |       |     1 |       ||     1
 Cast: Sandblast         |    60 |    87 |   165 |   257 |   231 |    84 |     1 ||   885
       Stone Arrow       |       |       |       |    42 |   179 |   724 |   179 ||  1124
       Sticky Flame      |       |       |       |    12 |     6 |     2 |       ||    20
       Lee's Rapid Decon |       |       |       |     7 |   177 |   192 |     9 ||   385
       Mephitic Cloud    |       |       |       |     4 |    14 |    10 |     1 ||    29
       Irradiate         |       |       |       |       |     7 |    37 |    24 ||    68
       Arcjolt           |       |       |       |       |     6 |    35 |    20 ||    61
       Iskenderun's Batt |       |       |       |       |     3 |     4 |       ||     7
       Borgnjor's Vile C |       |       |       |       |     1 |     6 |     3 ||    10
       Lehudib's Crystal |       |       |       |       |       |     8 |    53 ||    61
       Petrify           |       |       |       |       |       |     4 |     2 ||     6
       Spellforged Servi |       |       |       |       |       |       |     1 ||     1
Evoke: Wand              |       |       |       |     2 |       |    11 |       ||    13
  Use: Scroll            |       |       |    12 |    14 |     7 |       |     2 ||    35
       Potion            |       |       |       |     7 |     2 |     6 |     3 ||    18
Armor: Robe              |    14 |    31 |    48 |       |       |       |       ||    93
       Ring mail         |       |       |       |   141 |   201 |   359 |   124 ||   825
Dodge: Dodged            |    27 |    37 |    63 |   102 |   156 |   230 |    95 ||   710
Block: Buckler           |       |       |       |       |    35 |    64 |    35 ||   134
       Reflection        |       |       |       |       |     7 |     2 |     1 ||    10

Table legend: (Time is in decaauts)
 A = Elapsed time spent in this place.
 B = Non-inter-level travel time spent in this place.
 C = Inter-level travel time spent in this place.
 D = Time resting spent in this place.
 E = Time spent auto-exploring this place.
 F = Levels seen in this place.
 G = Mean time per level.
                   A        B        C        D        E       F      G
               +--------+--------+--------+--------+--------+-----+--------+
         Total |  41856 |  37741 |   4115 |   3228 |  28260 |  34 | 1231.1 |
       Dungeon |  17693 |  15019 |   2674 |   1049 |  11580 |  15 | 1179.5 |
        Temple |     50 |     33 |     17 |      0 |     18 |   1 |   50.0 |
          Lair |   9235 |   8647 |    588 |   1278 |   6281 |   5 | 1847.0 |
         Swamp |   3557 |   3363 |    194 |    247 |   2353 |   4 |  889.2 |
   Spider Nest |   6197 |   5647 |    550 |    504 |   4178 |   4 | 1549.2 |
  Orcish Mines |   2542 |   2452 |     90 |     85 |   2077 |   2 | 1271.0 |
        Depths |    713 |    713 |      0 |     65 |    397 |   1 |  713.0 |
        Bailey |    591 |    591 |      0 |      0 |    405 |   1 |  591.0 |
      Ice Cave |   1274 |   1274 |      0 |      0 |    971 |   1 | 1274.0 |
               +--------+--------+--------+--------+--------+-----+--------+

Top non-repeatable levels by time:
  Lair:5: 2226 daAuts
Spider:2: 1982 daAuts
   Orc:2: 1966 daAuts
  Lair:2: 1943 daAuts
    D:14: 1866 daAuts
    D:11: 1780 daAuts
Spider:4: 1750 daAuts
  Lair:4: 1738 daAuts
    D:13: 1736 daAuts
  Lair:1: 1703 daAuts
  Lair:3: 1623 daAuts
    D:10: 1539 daAuts
Spider:3: 1488 daAuts
   IceCv: 1274 daAuts
 Swamp:4: 1261 daAuts
